 Dungeon Crawl Stone Soup version 0.18-a0-1179-g120c792 (console) character file.

196 Kramin the Ruffian (level 5, -6/41 HPs)
             Began as a Draconian Transmuter on Jan 26, 2016.
             Mangled by an orc
             ... wielding a +0 mace
              (8 damage)
             ... on level 3 of the Dungeon on Jan 27, 2016.
             The game lasted 00:10:24 (2530 turns).

Kramin the Ruffian (Draconian Transmuter)           Turns: 2530, Time: 00:10:25

Health: -6/41      AC:  5    Str: 12    XL:     5   Next: 45%
Magic:  8/8        EV: 12    Int: 15    God:
Gold:   116        SH:  0    Dex: 11    Spells: 2 memorised, 4 levels left

rFire  . . .     SeeInvis .       - Unarmed
rCold  . . .     Gourm    .     (armour unavailable)
rNeg   . . .     Faith    .     (no shield)
rPois  .         Spirit   .     (helmet restricted)
rElec  .         Dismiss  .     (no cloak)
rCorr  .         Reflect  .     (no gloves)
SustAt .         Harm     .     (no boots)
MR     .....                    k - amulet of rage
Stlth  +.........               (no ring)
                                (no ring)

@: very slightly contaminated, not resistant to hostile enchantments, very
unstealthy
A: unfitting armour, cold-blooded, AC +5
a: Evoke Berserk Rage


You were on level 3 of the Dungeon.
You were hungry.

You visited 1 branch of the dungeon, and saw 3 of its levels.

You collected 116 gold pieces.

Inventory:

Missiles
 a - 12 arrows
Jewellery
 k - an amulet of rage (around neck)
Wands
 s - a wand of polymorph (18/24)
Scrolls
 d - a scroll of magic mapping {unknown}
 e - a scroll of immolation {unknown}
 f - 2 scrolls of identify {unknown}
 g - 2 scrolls of recharging {unknown}
 h - a scroll of fear {unknown}
 i - a scroll of teleportation {unknown}
 l - a scroll of random uselessness {unknown}
 n - 2 scrolls of fog {unknown}
Potions
 j - a potion of might {unknown}
 m - a potion of magic
 o - a potion of lignification {unknown}
 p - a potion of poison {unknown}
 r - a potion of flight {unknown}
Books
 b - a book of Changes

   Spells                             Type                      Level
   a - Beastly Appendage              Transmutation                1
   b - Sticks to Snakes               Transmutation                2
   c - Spider Form                    Transmutation/Poison         3
   d - Ice Form                       Ice/Transmutation            4
   e - Blade Hands                    Transmutation                5
Comestibles
 c - 4 bread rations
 q - 8 chunks of flesh


   Skills:
 - Level 2.0 Fighting
 + Level 2.3 Dodging
 * Level 4.3 Unarmed Combat
 - Level 2.0 Spellcasting
 + Level 3.9 Transmutations
 - Level 1.0 Poison Magic


You had 4 spell levels left.
You knew the following spells:

 Your Spells              Type           Power        Failure   Level  Hunger
a - Beastly Appendage     Trmt           ##....       6%          1    #......
s - Spider Form           Trmt/Pois      #.........   30%         3    ###....


Dungeon Overview and Level Annotations

Branches:
Dungeon (3/15)

Altars:
Elyvilon
Vehumet


Innate Abilities, Weirdness & Mutations

Your plain brown scales are hard (AC +5).
Your body does not fit into most forms of armour.
You are cold-blooded and may be slowed by cold attacks.


Message History

The orc misses you.
You completely miss the orc priest.
The orc priest is heavily wounded.
The orc priest completely misses you.
The orc priest invokes the aid of Beogh against you.
Something smites you!
* * * LOW HITPOINT WARNING * * *
Casting: Spider Form
Confirm with . or Enter, or press ? or * to list all spells.
You miscast Beastly Appendage.
You are very lightly contaminated with residual magic.
Your front legs glow momentarily.
You are feeling hungry.
Your transformation has ended.
The orc barely misses you.
The orc priest hits you but does no damage.
Drink which item? (? for menu, Esc to quit)
It was a potion of magic.
Magic courses through your body. The orc hits you with a mace!
You die...

#.........<# #.#
#.#.....#..### #.###
#............# #...#
#.#.⌠.⌠.#..#.# ###.#
#..........#.# #.#
#.#.....#..#.# #.# #
#...._.....#.# #.# .>.
#.#....o#..#.# #.# ###
#...!..o@.##.# #.#
#.#.⌠.⌠o#$##.# #.#
..........)...########.#
.o#.#.....#.............#
.##............##########
.....######## #####


You could see 2 orc priests and an orc.

Vanquished Creatures
  An orc priest (D:3)
  An orc wizard (D:3)
  An adder (D:2)
  4 gnolls (D:2)
  2 worms (D:3)
  2 giant geckos
  3 orcs (D:3)
  A ball python (D:3)
  5 giant cockroaches
  7 goblins
  10 hobgoblins
  16 jackals
  2 quokkas
  9 bats
  3 giant newts
  7 kobolds
  4 rats
78 creatures vanquished.

Notes
Turn   | Place    | Note
--------------------------------------------------------------
     0 | D:1      | Kramin the Draconian Transmuter began the quest for the Orb.
     0 | D:1      | Reached XP level 1. HP: 16/16 MP: 3/3
   215 | D:1      | Upgraded the game from 0.18-a0-1166-g6e2d2a0 to 0.18-a0-1179-g120c792
   240 | D:1      | Reached XP level 2. HP: 20/23 MP: 3/5
   758 | D:1      | Reached XP level 3. HP: 24/29 MP: 6/6
  1092 | D:1      | Learned a level 3 spell: Spider Form
  1460 | D:2      | Reached XP level 4. HP: 36/36 MP: 0/7
  1463 | D:2      | Reached skill level 1 in Poison Magic
  1613 | D:2      | Found a radiant altar of Vehumet.
  1821 | D:3      | Found a white marble altar of Elyvilon.
  2116 | D:3      | Reached skill level 4 in Unarmed Combat
  2213 | D:3      | Reached XP level 5. HP: 39/41 MP: 2/8
  2528 | D:3      | HP: 2/41 [orc priest/divine providence (13)]
  2530 | D:3      | Mangled by an orc

Vault maps used:
D:1:      minmay_arrival_semitransparent
D:2:      vehumet_crystals, nicolae_overflow_hidden_temple
D:3:      elyvilon_altar_5, serial_forest, infiniplex_forest_straight_4,
          infiniplex_forest_corner_2, infiniplex_forest_lined_room_2,
          infiniplex_forest_3_way, infiniplex_forest_straight_4,
          infiniplex_forest_clump_small, infiniplex_forest_zigzag_1,
          infiniplex_forest_lined_3_way, first_bread

Action                   |  1- 3 |  4- 6 || total
-------------------------+-------+-------++-------
Melee: Unarmed           |   168 |    84 ||   252
 Cast: Beastly Appendage |    22 |       ||    22
       Spider Form       |     1 |    10 ||    11
  Use: Potion            |       |     1 ||     1
  Eat: Chunk             |     2 |     5 ||     7
